 Dungeon Crawl Stone Soup version 0.24.0-13-gcf9b3192b9 (webtiles) character file.

Game seed: 935022085949567404, levelgen mode: deterministic

12334 TinyShenanigans the Slicer (level 12, -2/77 HPs)
             Began as a Kobold Enchanter on Nov 6, 2019.
             Was a Priest of Dithmenos.
             Slain by a wolf (8 damage)
             ... on level 4 of the Lair of Beasts.
             The game lasted 01:29:06 (13592 turns).

TinyShenanigans the Slicer (Kobold Enchanter)      Turns: 13592, Time: 01:29:06

Health: -2/77      AC:  8    Str:  9    XL:     12   Next: 18%
Magic:  21/22      EV: 23    Int: 20    God:    Dithmenos [***...]
Gold:   576        SH:  0    Dex: 20    Spells: 19/25 levels left

rFire    . . .     SeeInvis .   g - +1 dagger (venom)
rCold    . . .     Gourm    .   (shield restricted)
rNeg     + + .     Faith    +   G - +0 leather armour of Ashenzari's Reproof {+Inv rPois Str+3 Dex+4} (curse)
rPois    +         Spirit   .   (no helmet)
rElec    .         Reflect  .   l - +2 cloak
rCorr    .         Harm     .   E - +1 pair of gloves
MR       +....                  (no boots)
Stlth    ++++++....             n - amulet of faith
HPRegen  0.22/turn              f - ring of stealth
MPRegen  0.18/turn              x - ring "Setyfogh" {rN++ MR+ Stlth-}

@: marked, wreathed by umbra
A: small, carnivore
a: Shadow Step, Renounce Religion, Evoke Invisibility


You were on level 4 of the Lair of Beasts.
You worshipped Dithmenos.
Dithmenos was most pleased with you.
You were very full.

You visited 3 branches of the dungeon, and saw 16 of its levels.

You collected 667 gold pieces.
You spent 91 gold pieces at shops.

Inventory:

Hand Weapons
 a - a +1 dagger
 g - a +1 dagger of venom (weapon)
 z - the +1 hunting sling "Wonanoad" {freeze, Str+4}
   (You found it on level 7 of the Dungeon)

   It causes projectiles fired from it to freeze those they strike, causing
   extra injury to most foes and up to half again as much damage against
   particularly susceptible opponents.
   They can also slow down cold-blooded creatures.
   It affects your strength (+4).
 H - a +4 dagger of chaos
Armour
 b - a +0 robe
 l - a +2 cloak (worn)
 E - a +1 pair of gloves (worn)
 F - a +1 troll leather armour
 G - the cursed +0 leather armour of Ashenzari's Reproof (worn) {+Inv rPois Str+3 Dex+4}
   (You found it on level 8 of the Dungeon)

   It affects your strength (+3).
   It affects your dexterity (+4).
   It protects you from poison.
   It lets you turn invisible.
   It has a curse placed upon it.
 I - a +2 robe of cold resistance
Jewellery
 f - a ring of stealth (left hand)
 h - an uncursed ring of fire
 k - an uncursed amulet of the gourmand
 n - an amulet of faith (around neck)
 x - the ring "Setyfogh" (right hand) {rN++ MR+ Stlth-}
   (You found it on level 6 of the Dungeon)

   [ring of protection from magic]

   It greatly protects you from negative energy.
   It affects your resistance to hostile enchantments.
   It makes you less stealthy.
 J - an uncursed amulet of guardian spirit {unknown}
 K - a +3 ring of protection {unknown}
Wands
 u - a wand of flame (1)
 B - a wand of iceblast (7)
 L - a wand of enslavement (6)
Scrolls
 e - 6 scrolls of remove curse
 j - 3 scrolls of fog
 t - 2 scrolls of immolation
 w - a scroll of vulnerability
 y - 3 scrolls of enchant armour
 D - a scroll of fear {unknown}
 M - a scroll of magic mapping
 P - a scroll of enchant weapon {unknown}
Potions
 c - a potion of cancellation
 i - 2 potions of brilliance
 m - 3 potions of agility
 o - 2 potions of flight
 p - 5 potions of resistance
 q - 2 potions of degeneration
 r - a potion of curing
 s - 2 potions of mutation
 v - a potion of might
Comestibles
 d - 30 rations


   Skills:
 * Level 10.0 Fighting
 * Level 11.8 Short Blades
 * Level 11.1 Dodging
 + Level 10.2 Stealth
 + Level 7.0 Spellcasting
 - Level 4.4 Hexes


You had 19 spell levels left.
You knew the following spells:

 Your Spells              Type           Power        Failure   Level  Hunger
a - Corona                Hex            ###....      2%          1    None
b - Ensorcelled Hibernat  Hex/Ice        ###...       9%          2    None
c - Confuse               Hex            ###.....     7%          3    #......

Your spell library contained the following spells:

 Spells                   Type           Power        Failure   Level  Hunger
 Confusing Touch          Hex            ###...       2%          1    None
 Tukima's Dance           Hex            ###.....     7%          3    #......
 Animate Skeleton         Necr           N/A          13%         1    None
 Pain                     Necr           #...         13%         1    None
 Dazzling Spray           Conj/Hex       ###...       16%         3    #......
 Gell's Gravitas          Tloc           #.........   36%         3    #......
 Regeneration             Chrm/Necr      #.........   36%         3    #......
 Vampiric Draining        Necr           #.........   36%         3    #......
 Animate Dead             Necr           N/A          78%         4    ###....
 Petrify                  Tmut/Erth      #.......     78%         4    ###....
 Metabolic Englaciation   Hex/Ice        ###.......   83%         5    #####..
 Yara's Violent Unravell  Hex/Tmut       ###.......   83%         5    #####..


Dungeon Overview and Level Annotations

Branches:
Dungeon (11/15)            Temple (1/1) D:5            Lair (4/6) D:10
  Snake (0/4) Lair:3
  Swamp: Lair:2-4    Shoals: Lair:2-4       Orc: D:9-12

Altars:
Ashenzari
Cheibriados
Dithmenos
Elyvilon
Fedhas
Gozag
Hepliaklqana
Kikubaaqudgha
Makhleb
Nemelex Xobeh
Okawaru
Qazlal
Ru
Sif Muna
Trog
Uskayaw
Vehumet
Wu Jian
Xom
Yredelemnul
Zin
The Shining One

Shops:
D:4 !   D:6 [=   D:8 [

Annotations:
D:10 Grum
Lair:3 1 transporter


Innate Abilities, Weirdness & Mutations

You are small and have problems with some larger weapons.
You are carnivorous and can eat meat at any time.


Message History

You hit the crocodile.
The crocodile is lightly wounded.
The wolf misses you. The wolf completely misses you. The wolf misses you.
You don't have enough health at the moment.
You hit the crocodile but do no damage.
The crocodile is poisoned.
The crocodile is lightly wounded.
The wolf misses you. The wolf closely misses you.
The wolf completely misses you. The crocodile misses you.
The wolf barely misses you. The wolf completely misses you.
You hit the crocodile but do no damage.
The crocodile looks as sick as possible!
The crocodile is lightly wounded.
The wolf completely misses you. The wolf barely misses you.
The wolf misses you.
A water moccasin comes into view.
You hit the crocodile but do no damage.
The crocodile looks as sick as possible!
The crocodile is lightly wounded.
The wolf looks more healthy.
The wolf bites you!
You die...

....H.....................♣♣♣
....S.............l.SP.......
....t...........F#....P...#.
....t<..........hhw....PP##
..h...........hrhS.F...P##
.............##rFHSh.#...#
..........(..##hthhFh....#
.............##hhhrh....##
.......##......t@hFh...##
..........#...###h..####
...P.#.......## ##.!#
.....#.#..P. ..##
.#PP..#..... ### ###...#..≈≈≈
##... ≈≈


You could see a hippogriff, a black mamba, 2 spiny frogs, a swamp worm, 2 water
moccasins, 2 crocodiles, a wyvern, 16 wolves, 3 bullfrogs and 3 porcupines.

Vanquished Creatures
  Harold (Lair:2)
  2 two-headed ogres (D:10)
  2 black mambas
  Psyche (D:9)
  2 spiny frogs (Lair:1)
  A troll (D:9)
  A hornet (D:10)
  7 blink frogs
  3 hippogriffs
  A wyvern (Lair:4)
  10 yaks (D:9)
  A basilisk (Lair:3)
  3 hungry ghosts
  6 water moccasins
  2 porcupines (Lair:1)
  2 orc warriors
  A sky beast (D:7)
  An ice beast (D:10)
  5 ogres
  6 wolves (Lair:2)
  4 centaurs
  3 crocodiles
  2 big kobolds
  7 bullfrogs
  2 scorpions
  6 killer bees
  A wight (D:6)
  A howler monkey (D:9)
  A crimson imp (D:5)
  A centaur zombie (D:5)
  2 hounds
  A jelly (D:5)
  A bullfrog skeleton (D:4)
  A gnoll shaman (D:8)
  6 orc wizards
  4 iguanas
  5 worker ants
  2 hound zombies
  A worker ant zombie (D:5)
  5 gnolls
  7 adders
  A shadow imp (D:5)
  3 oozes
  A worm (D:6)
  2 dart slugs
  5 leopard geckos
  11 orcs
  3 ball pythons
  7 giant cockroaches
  9 goblins
  6 hobgoblins
  6 jackals
  18 kobolds
  8 quokkas
  6 bats
  7 frilled lizards
  A quokka skeleton (D:4)
  5 rats
220 creatures vanquished.

Vanquished Creatures (others)
  A bullfrog (Lair:4)
  A fungus (Lair:3)
  A plant (Lair:3)
3 creatures vanquished.

Grand Total: 223 creatures vanquished

Notes
Turn   | Place    | Note
-------+----------+-------------------------------------------
     0 | D:1      | TinyShenanigans the Kobold Enchanter began the quest for
                  | the Orb.
     0 | D:1      | Reached XP level 1. HP: 10/10 MP: 3/3
    44 | D:1      | Reached XP level 2. HP: 13/16 MP: 5/5
   567 | D:1      | Learned a level 2 spell: Ensorcelled Hibernation
   664 | D:1      | Reached XP level 3. HP: 20/20 MP: 6/6
   868 | D:1      | Reached skill level 1 in Fighting
  1120 | D:2      | Found a sacrificial altar of Ru.
  1544 | D:2      | Reached XP level 4. HP: 22/25 MP: 6/8
  2591 | D:3      | Reached XP level 5. HP: 19/29 MP: 4/9
  2960 | D:3      | Found a shadowy altar of Dithmenos.
  2968 | D:3      | Became a worshipper of Dithmenos the Shadowed
  2971 | D:3      | Found a hazy altar of Hepliaklqana.
  2978 | D:3      | Found an ornate altar of the Wu Jian Council.
  3268 | D:4      | Reached skill level 5 in Stealth
  3454 | D:4      | Found Biacot's Distillery.
  3460 | D:4      | Bought a potion of flight for 39 gold pieces
  3460 | D:4      | Bought a potion of degeneration for 13 gold pieces
  3460 | D:4      | Bought a potion of curing for 39 gold pieces
  3480 | D:4      | Reached XP level 6. HP: 35/35 MP: 5/10
  3689 | D:4      | Found a blossoming altar of Fedhas.
  3689 | D:4      | Found a glowing golden altar of the Shining One.
  3696 | D:4      | Found a basalt altar of Yredelemnul.
  3986 | D:5      | Entered Level 5 of the Dungeon
  4149 | D:5      | Found a bloodstained altar of Trog.
  4363 | D:5      | Noticed an ogre
  4370 | D:5      | Killed an ogre
  4378 | D:5      | Found a staircase to the Ecumenical Temple.
  4401 | D:5      | Reached XP level 7. HP: 40/40 MP: 12/12
  4543 | D:5      | Reached * piety under Dithmenos
  5064 | D:5      | Reached XP level 8. HP: 42/47 MP: 6/13
  5181 | Temple   | Entered the Ecumenical Temple
  5487 | D:6      | Found Jeacukoj's Jewellery Shop.
  5487 | D:6      | Found the +27 Lear's hauberk
  5560 | D:6      | Found a stormy altar of Qazlal.
  5589 | D:6      | Reached skill level 5 in Short Blades
  5589 | D:6      | Reached skill level 5 in Dodging
  5838 | D:6      | Got a warped platinum ring
  5839 | D:6      | Identified the ring "Setyfogh" {rN++ MR+ Stlth-} (You found
                  | it on level 6 of the Dungeon)
  5843 | D:6      | Found Gazxaidd's Armour Emporium.
  6378 | D:7      | Got an iridescent hunting sling
  6379 | D:7      | Identified the cursed +1 hunting sling "Wonanoad" {freeze,
                  | Str+4} (You found it on level 7 of the Dungeon)
  6426 | D:7      | Found a burning altar of Makhleb.
  7091 | D:8      | Reached skill level 5 in Fighting
  7091 | D:8      | Reached XP level 9. HP: 40/54 MP: 15/15
  7483 | D:8      | Found Qekkafic's Armour Emporium.
  8164 | D:8      | Reached ** piety under Dithmenos
  8707 | D:9      | Learned a level 3 spell: Confuse
  8951 | D:9      | Reached skill level 5 in Spellcasting
  9094 | D:9      | Noticed a troll
  9113 | D:9      | Killed a troll
  9113 | D:9      | Reached XP level 10. HP: 61/61 MP: 12/17
  9128 | D:9      | Noticed Psyche
  9252 | D:8      | Got an ancient leather armour
  9690 | D:9      | Found a white marble altar of Elyvilon.
  9710 | D:9      | Found a sparkling altar of Nemelex Xobeh.
  9878 | D:9      | Killed Psyche
  9906 | D:10     | Entered Level 10 of the Dungeon
  9906 | D:10     | Noticed Grum
 10251 | D:10     | Noticed a two-headed ogre
 10255 | D:10     | Killed a two-headed ogre
 10255 | D:10     | Reached skill level 10 in Short Blades
 10255 | D:10     | Reached XP level 11. HP: 55/68 MP: 4/20
 10567 | D:10     | Found a staircase to the Lair.
 10577 | D:10     | Noticed a manticore
 10799 | Lair:1   | Entered Level 1 of the Lair of Beasts
 11045 | D:10     | Noticed a two-headed ogre
 11052 | D:10     | Killed a two-headed ogre
 11138 | D:11     | Reached *** piety under Dithmenos
 11192 | D:11     | Identified the cursed +0 leather armour of Ashenzari's
                  | Reproof {+Inv rPois Str+3 Dex+4} (You found it on level 8
                  | of the Dungeon)
 11197 | D:11     | Noticed a red ugly thing
 11568 | Lair:1   | Reached skill level 10 in Dodging
 12388 | Lair:2   | Noticed Harold
 12393 | Lair:2   | Killed Harold
 12546 | Lair:2   | Reached skill level 10 in Stealth
 12569 | Lair:2   | Reached XP level 12. HP: 48/77 MP: 5/22
 13400 | Lair:3   | Reached skill level 10 in Fighting
 13484 | Lair:3   | Noticed a five-headed hydra
 13485 | Lair:3   | Found a transporter.
 13520 | Lair:3   | Found a staircase to the Snake Pit.
 13592 | Lair:4   | Slain by a wolf

Levels and vault maps discovered:
D:1:      sevenhm_arrival_forest_fort_small_5, layout_basic
D:2:      layout_basic, minmay_door_square, nicolae_ru_awakened_eye
D:3:      layout_loops_ring, minitemple, lightli_corner_chamber
D:4:      layout_basic, yredelemnul_altar_generic,
          chequers_temple_overflow_statue_of_worship, serial_shops, shop
D:5:      layout_loops_ring, nicolae_overflow_crystal_walls,
          minmay_temple_entry_purple_smoke, first_ration,
          kennysheep_generic_room_14
D:6:      layout_rooms, serial_shops, shop, shop, kennysheep_mini_moat,
          nicolae_shop_crystal, basic_altar
D:7:      layout_basic, kennysheep_mini, grunt_ogre_cave
D:8:      layout_basic, serial_shops, shop, chequers_big_river
D:9:      layout_rooms, basic_altar, nemelex_lonely_heart_becter, uniq_psyche
D:10:     layout_cave_pods, lair_entry_dummy, serial_column_ruins,
          column_ruins_grid_1, column_ruins_open_small_water,
          column_ruins_grid_4, column_ruins_open_small, uniq_grum
D:11:     layout_roguey, enter_trove_2, serial_shops, shop, tgw_fedhas
Temple:   eino_narrow_crystal_temple
Lair:1:   layout_cave_pods, minivault_23, infiniplex_staircase_pool_2
Lair:2:   layout_regular_city, chequers_serial_rivers_micro_b, uniq_harold
Lair:3:   layout_misc_corridors, minmay_snake_entry_guardpost_small,
          gammafunk_ghost_berserking_beasts
Lair:4:   layout_cave_shapes, nicolae_swamp_entry_splash_gauntlet,
          serial_bayou_shore_b, infiniplex_staircase_pool

Skill      XL: |  1  2  3  4  5  6  7  8  9 10 11 12 |
---------------+-------------------------------------+-----
Fighting       | 1 2 3 5 6 8 9 10 | 10.0
Short Blades   | 2 3 4 6 8 10 11 | 11.8
Dodging        | 3 4 6 7 9 10 11 | 11.1
Stealth        | 5 6 7 9 10 | 10.2
Spellcasting   | 3 4 5 6 7 |  7.0
Hexes          | 4 |  4.4

Action                   |  1- 3 |  4- 6 |  7- 9 | 10-12 || total
-------------------------+-------+-------+-------+-------++-------
Melee: Dagger            |   138 |   151 |   340 |   256 ||   885
 Cast: Ensorcelled Hiber |       |     9 |    45 |    67 ||   121
       Confuse           |       |       |       |    11 ||    11
Invok: Shadow Step       |       |       |       |     1 ||     1
Evoke: Wand              |       |       |     7 |     1 ||     8
  Use: Scroll            |       |     5 |     7 |     9 ||    21
       Potion            |       |       |       |     1 ||     1
 Stab: Sleeping          |     8 |    18 |    24 |    49 ||    99
       Distracted        |       |     2 |       |       ||     2
       Confused          |       |       |       |     3 ||     3
  Eat: Chunk             |    10 |    10 |    23 |    13 ||    56
       Ration            |       |       |     2 |       ||     2
Armor: Robe              |    21 |    19 |    30 |    15 ||    85
       Leather armour    |       |       |       |    14 ||    14
Dodge: Dodged            |   108 |    83 |   226 |   381 ||   798
